 Dungeon Crawl Stone Soup version 0.32-a0-516-g94ed278cf8 (webtiles) character file.

Game seed: 13106168338257968226

1051 Conn the Sneak (level 8, -3/46 HPs)
             Began as an Octopode Fire Elementalist on Feb 27, 2024.
             Was an Initiate of Sif Muna.
             Slain by a troll (5 damage)
             ... on level 6 of the Dungeon.
             The game lasted 00:10:38 (6016 turns).

Conn the Sneak (Octopode Fire Elementalist)         Turns: 6016, Time: 00:10:43

Health: -3/46      AC:  1    Str:  7    XL:     8   Next: 26%
Magic:  3/14       EV: 14    Int: 19    God:    Sif Muna [......]
Gold:   347        SH:  0    Dex: 13    Spells: 2/15 levels left

rFire   . . .        i - +4 dagger
rCold   . . .        (no shield)
rNeg    . . .        (helmet restricted)
rPois   .            v - amulet of regeneration
rElec   .            w - ring of flight
rCorr   .            (no ring)
SInv    .            (no ring)
Will    .....        (no ring)
Stlth   ++++         (no ring)
HPRegen 1.07/turn    (no ring)
MPRegen 0.14/turn    (no ring)
                     (no ring)

%: no passive effects
@: flying, very slightly contaminated
A: almost no armour, amphibious, 8 rings, camouflage 1, gelatinous body 1,
(nimble swimmer 1), tentacles
a: Renounce Religion


You were on level 6 of the Dungeon.
You worshipped Sif Muna.
Sif Muna was noncommittal.
You visited 2 branches of the dungeon, and saw 7 of its levels.

You collected 347 gold pieces.

Inventory:

Hand Weapons
 c - a +0 short sword
 i - a +4 dagger (weapon)
Missiles
 e - 4 poisoned darts
Jewellery
 v - an amulet of regeneration (around mantle)
 w - a ring of flight (left tentacle)
Wands
 m - a wand of warping (19)
 q - a wand of quicksilver (11)
Scrolls
 b - 6 scrolls of teleportation
 d - a scroll of vulnerability {unknown}
 j - a scroll of revelation
 k - 2 scrolls of noise {unknown}
 l - a scroll of fear {unknown}
 n - a scroll of torment {unknown}
 r - a scroll of identify {unknown}
 s - a scroll of blinking {unknown}
 u - a scroll of poison {unknown}
Potions
 a - a potion of magic
 f - 2 potions of brilliance {unknown}
 g - 4 potions of curing
 h - a potion of berserk rage {unknown}
 o - 3 potions of degeneration {unknown}
 p - a potion of lignification {unknown}
 t - 2 potions of heal wounds {unknown}


   Skills:
 + Level 3.6 Dodging
 + Level 5.3 Stealth
 * Level 4.3 Spellcasting
 * Level 4.3 Conjurations
 + Level 2.6 Hexes
 + Level 4.3 Fire Magic
 + Level 1.0 Air Magic
 * Level 2.8 Invocations


You had 2 spell levels left.
You knew the following spells:

 Your Spells              Type           Power      Damage    Failure   Level
a - Foxfire               Conj/Fire      80%        2x1d8     2%          1
b - Scorch                Fire           40%        2d6       3%          2
c - Inner Flame           Hex/Fire       17%        N/A       10%         3
d - Flame Wave            Conj/Fire      20%        2d7       22%         4
e - Swiftness             Air            8%         N/A       26%         3

Your spell library contained the following spells:

 Spells                   Type           Power      Damage    Failure   Level
 Shock                    Conj/Air       56%        1d6       4%          1
 Volatile Blastmotes      Fire/Tloc      24%        2d12      16%         3
 Airstrike                Air            4%         2d(1-17)  65%         4


Dungeon Overview and Level Annotations

Branches:
Dungeon (6/15)             Temple (1/1) D:4

Altars:
Cheibriados
Dithmenos
Fedhas
Gozag
Hepliaklqana
Kikubaaqudgha
Makhleb
Okawaru
Qazlal
Sif Muna
Trog
Uskayaw
Wu Jian
Xom
Zin

Shops:
D:3 :   D:4 :?

Annotations:
D:3 2 transporters


Innate Abilities, Weirdness & Mutations

You cannot wear most types of armour.
You are amphibious.
You can wear up to eight rings at the same time.
Your skin changes colour to match your surroundings (Stealth+).
Your rubbery body absorbs attacks. (AC +1, EV +1)
((You are camouflaged when in or above water. (Stealth+)))
You have tentacles for arms and can constrict up to eight enemies at once.


Message History

A wight comes into view. It is wielding a +0 scimitar.
Casting: Foxfire (safe; 2% risk of failure)
Confirm with . or Enter, or press ? or * to list all spells.
Flames lash the troll.
The troll is moderately wounded.
The troll's fire resistance burns away.
The troll misses you. The troll barely misses you. The troll claws you.
Casting: Scorch (safe; 3% risk of failure)
Confirm with . or Enter, or press ? or * to list all spells.
Okay, then.
Unknown command.
Unknown command.
Unknown command.
Casting: Scorch (safe; 3% risk of failure)
Confirm with . or Enter, or press ? or * to list all spells.
Casting: Flame Wave (quite dangerous; 22% risk of failure)
Press: ? - help, Dir - look around, f - activate You miscast Flame Wave.
You are very lightly contaminated with residual magic.
Heat runs through your body! The troll closely misses you. x3
A wight comes into view. It is wielding a +0 long sword.
Unknown command.
Casting: Flame Wave (quite dangerous; 22% risk of failure)
Confirm with . or Enter, or press ? or * to list all spells.
Casting: Flame Wave (quite dangerous; 22% risk of failure)
Press: ? - help, Dir - look around, f - activate A wave of flame ripples out!
The flame wave engulfs the troll!
The troll is burned terribly!
The troll is heavily wounded.
The troll's magical effects unravel! (Press . to intensify the flame waves.)
The troll bites you. The troll misses you. The troll barely misses you.
A wave of flame ripples out!
The flame wave engulfs the troll!
The troll is severely wounded.
The troll bites you!!
* * * LOW HITPOINT WARNING * * *
The troll claws you!
* * * LOW HITPOINT WARNING * * *
The troll claws you.
You die...

#....# +....#
#....#
#....#####
+.....z..
#......#
#T..z..#
#@.....#
#####......##+#
........<......$
................
................
................
#.......##....##
#.......# ..###
+......>. ###


You could see a troll and 2 wights.

Vanquished Creatures
  Grinder (D:5)
  Sigmund (D:5)
  Edmund (D:5)
  An ogre (D:4)
  2 hounds (D:5)
  A bombardier beetle (D:5)
  2 orc priests
  Jessica (D:3)
  An iguana (D:5)
  Ijyb (D:3)
  4 orc wizards
  3 gnolls (D:3)
  6 adders
  A white imp (D:5)
  4 ribbon worms
  5 dart slugs
  7 orcs
  4 endoplasms
  A giant cockroach (D:2)
  3 goblins
  6 hobgoblins
  3 jackals
  2 quokkas
  7 ball pythons
  5 bats
  4 frilled lizards
  6 kobolds
  2 rats
85 creatures vanquished.

Vanquished Creatures (collateral kills)
  A foxfire (D:1)
1 creature vanquished.

Vanquished Creatures (others)
  193 foxfires
193 creatures vanquished.

Grand Total: 279 creatures vanquished

Notes
Turn   | Place    | Note
-------+----------+-------------------------------------------
     0 | D:1      | Conn the Octopode Fire Elementalist began the quest for the
                  | Orb.
     0 | D:1      | Reached XP level 1. HP: 11/11 MP: 3/3
   564 | D:1      | Reached XP level 2. HP: 17/17 MP: 5/5
   589 | D:1      | You fall into a shaft and drop 1 floor!
   668 | D:1      | Reached skill level 3 in Stealth
  1185 | D:2      | Reached XP level 3. HP: 21/21 MP: 3/6
  1188 | D:2      | Learned a level 2 spell: Scorch
  1192 | D:2      | Learned a level 3 spell: Inner Flame
  1941 | D:2      | Reached XP level 4. HP: 27/27 MP: 2/7
  2319 | D:3      | Noticed Jessica
  2325 | D:3      | Killed Jessica
  2402 | D:3      | Found a transporter.
  2452 | D:3      | Noticed Ijyb
  2460 | D:3      | Killed Ijyb
  2464 | D:3      | Reached XP level 5. HP: 31/31 MP: 1/9
  2547 | D:3      | Found a shadowy altar of Dithmenos.
  2599 | D:3      | Reached skill level 4 in Stealth
  2638 | D:3      | Reached skill level 1 in Hexes
  2888 | D:3      | Found Fuwkipn's Book Emporium.
  2901 | D:3      | Learned a level 4 spell: Flame Wave
  2955 | D:3      | Found a transporter.
  2965 | D:3      | Reached XP level 6. HP: 32/36 MP: 1/10
  3297 | D:4      | Found Wozik's Magic Scroll Boutique.
  3305 | D:4      | Found Ruquvedgh's Book Emporium.
  3768 | D:4      | Found a staircase to the Ecumenical Temple.
  3781 | Temple   | Entered the Ecumenical Temple
  3954 | D:4      | Found a shimmering blue altar of Sif Muna.
  3962 | D:4      | Became a worshipper of Sif Muna the Loreminder
  4005 | D:4      | Found an ornate altar of the Wu Jian Council.
  4262 | D:4      | Found a bloodstained altar of Trog.
  4302 | D:5      | Entered Level 5 of the Dungeon
  4400 | D:5      | Found an opulent altar of Gozag.
  4428 | D:5      | Reached XP level 7. HP: 26/41 MP: 4/12
  4690 | D:5      | Reached skill level 1 in Invocations
  4696 | D:5      | Noticed Sigmund
  4704 | D:5      | Killed Sigmund
  4915 | D:5      | Learned a level 3 spell: Swiftness
  5055 | D:5      | Noticed Grinder
  5069 | D:5      | Killed Grinder
  5070 | D:5      | Reached skill level 5 in Stealth
  5070 | D:5      | Reached XP level 8. HP: 24/46 MP: 0/14
  5217 | D:5      | Noticed Edmund
  5222 | D:5      | Killed Edmund
  5223 | D:5      | Reached skill level 1 in Air Magic
  5754 | D:5      | Found a hide-covered altar of Uskayaw.
  5754 | D:5      | Found a blossoming altar of Fedhas.
  6010 | D:6      | Noticed a troll
  6016 | D:6      | HP: 2/46 [troll (7)]
  6016 | D:6      | Slain by a troll

Illustrated notes

Levels and vault maps discovered:
D:1:      tarquinn_simple_flora_water_c, layout_loops_corners
D:2:      minmay_general_purpose_star, layout_loops_corners,
          kennysheep_cross_room, minmay_misc_feat_nine_boxes
D:3:      gammafunk_steamed_eel, layout_rooms, old_standard_altar, serial_shops,
          shop, uniq_jessica, uniq_ijyb
D:4:      layout_loops_corners, lightli_temple_of_fire,
          mainiacjoe_overflow_24_doors, tgw_sif, minmay_temple_entry_water_ring,
          serial_library_hellmonk_room_a, nicolae_wooded_promenade
D:5:      layout_layer_cave, mainiacjoe_overflow_chevrons,
          gammafunk_temple_overflow_wave, uniq_sigmund, uniq_edmund,
          uniq_grinder
D:6:      layout_gridville, mainiacjoe_overflow_six_doors_small,
          general_overflow_altar, gammafunk_ghost_icy, minmay_misc_feat_tower,
          uniq_eustachio
Temple:   nicolae_temple_godpark

Skill      XL: |  1  2  3  4  5  6  7  8 |
---------------+-------------------------+-----
Stealth        | 3 4 5 |  5.3
Conjurations   | 2 3 4 |  4.3
Hexes          | 1 2 |  2.6
Spellcasting   | 3 4 |  4.3
Dodging        | 3 |  3.6
Fire Magic     | 4 |  4.3
Invocations    | 2 |  2.8
Air Magic      | 1 |  1.0

Action                     |  1- 3 |  4- 6 |  7- 9 || total
---------------------------+-------+-------+-------++-------
  Melee: Short sword       |     9 |       |       ||     9
         Constrict         |     9 |     8 |     1 ||    18
         Tentacles         |     3 |     4 |     1 ||     8
         Dagger            |    16 |    36 |     4 ||    56
   Cast: Foxfire           |    33 |    49 |    25 ||   107
         Scorch            |     2 |    12 |     9 ||    23
         Inner Flame       |       |       |     2 ||     2
         Flame Wave        |       |       |     1 ||     1
    Use: Potion            |       |     1 |       ||     1
         Scroll            |       |     2 |     1 ||     3
   Stab: Sleeping          |     5 |    12 |     2 ||    19
 Armour: Skin              |     6 |    22 |    12 ||    40
  Dodge: Dodged            |     6 |    24 |    11 ||    41
         Repelled          |     2 |       |       ||     2

Table legend: (Time is in decaauts)
 A = Elapsed time spent in this place.
 B = Non-inter-level travel time spent in this place.
 C = Inter-level travel time spent in this place.
 D = Time resting spent in this place.
 E = Time spent auto-exploring this place.
 F = Levels seen in this place.
 G = Mean time per level.
                   A        B        C        D        E       F      G
               +--------+--------+--------+--------+--------+-----+--------+
         Total |   6014 |   5892 |    122 |      5 |   4794 |   7 |  859.1 |
       Dungeon |   5953 |   5831 |    122 |      5 |   4794 |   6 |  992.2 |
        Temple |     60 |     60 |      0 |      0 |      0 |   1 |   60.0 |
               +--------+--------+--------+--------+--------+-----+--------+

Top non-repeatable levels by time:
     D:5: 1707 daAuts
     D:2: 1190 daAuts
     D:1: 1128 daAuts
     D:4: 1017 daAuts
     D:3: 904 daAuts
  Temple: 60 daAuts
     D:6: 5 daAuts
